 Dungeon Crawl Stone Soup version 0.29.1-15-g9cfb28693d (webtiles) character file.

Game seed: 4327437721403891249

17 protoss039 the Digger (level 2, 21/21 HPs)
             Began as a Demonspawn Earth Elementalist on Mar 13, 2023.
             Got out of the dungeon alive.
             The game lasted 00:00:38 (1110 turns).

protoss039 the Digger (DsEE)                        Turns: 1110, Time: 00:00:38

Health: 21/21      AC:  5    Str:  8    XL:     2   Next: 44%
Magic:  5/5        EV: 10    Int: 16    God:
Gold:   64         SH:  0    Dex: 13    Spells: 4/5 levels left

rFire   . . .      SeeInvis .   e - +0 dagger (venom)
rCold   . . .      Faith    .   (no shield)
rNeg    . . .      Spirit   .   g - +0 ring mail
rPois   .          Reflect  .   (no helmet)
rElec   .          Harm     .   (no cloak)
rCorr   .          Rampage  .   (no gloves)
Will    .....                   (no boots)
Stlth   +.........              (no amulet)
HPRegen 0.07/turn               (no ring)
MPRegen 0.09/turn               (no ring)

@: no status effects
A: weakness stinger 1
a: no special abilities


You escaped.
You visited 1 branch of the dungeon, and saw 1 of its levels.

You collected 64 gold pieces.

Inventory:

Hand Weapons
 e - a +0 dagger of venom (weapon)
Armour
 g - a +0 ring mail (worn)
Scrolls
 f - 3 scrolls of identify {unknown}
Potions
 a - a potion of degeneration {unknown}
 b - a potion of magic
 c - 2 potions of berserk rage {unknown}
 d - a potion of lignification {unknown}


   Skills:
 + Level 1.1 Fighting
 - Level 1.7 Dodging
 - Level 1.7 Stealth
 + Level 2.3 Spellcasting
 - Level 0.8 Transmutations
 + Level 3.0 Earth Magic


You had 4 spell levels left.
You knew the following spells:

 Your Spells              Type           Power      Damage    Failure   Level
a - Sandblast             Erth           22%        2d7       19%         1

Your spell library contained the following spells:

 Spells                   Type           Power      Damage    Failure   Level
 Passwall                 Tmut/Erth      6%         N/A       38%         2
 Stone Arrow              Conj/Erth      12%        3d7       69%         3
 Petrify                  Tmut/Erth      8%         N/A       95%         4


Dungeon Overview and Level Annotations

Branches:
Dungeon (1/15) Zot: 4888

Altars:


Innate Abilities, Weirdness & Mutations

You have a small tail.


Message History

The quokka bites you.
A quokka is nearby!
You are too injured to fight recklessly!
A quokka is nearby!
You are too injured to fight recklessly!
A quokka is nearby!
You are too injured to fight recklessly!
A quokka is nearby!
You are too injured to fight recklessly!
Casting: Sandblast (safe; 19% risk of failure)
Confirm with . or Enter, or press ? or * to list all spells.
Aiming: Sandblast (safe; 19% risk of failure)
Press: ? - help, Shift-Dir - straight line, f - quokka
Aim: a quokka (almost dead, very poisoned, 75% to hit)
The blast of sand hits the quokka!
You kill the quokka!
Your Earth Magic skill increases to level 3!
Unknown command.
Found a whip.
Found a stone staircase leading down.
f - 3 scrolls labelled NUEGUBEBAV (gained 1)
There is a stone staircase leading down here.
a - a cyan potion No target in view!
There is a stone staircase leading down here.
There is a stone staircase leading down here.
Key pressed, stopping explore.
No target in view!
Done exploring.
No target in view!
Done exploring.
No target in view!
Done exploring.
No target in view!
Done exploring.
Search for what [Enter for "."]? .
Done exploring.
You see here a +0 robe.
There is a staircase leading out of the dungeon here.
Are you sure you want to leave the Dungeon?
This will make you lose the game!
You have escaped!

#.#########
#.##...###.###.# #.#
###..#.........## #.#
########....... #.#
#........ #.# ########.
#.# #. #.# ♣♣♣♣♣ #. #.##
♣♣♣♣♣♣♣...♣♣ ###.
#..##♣.♣♣....@..♣♣♣♣
#...
#.....♣..♣♣♣...♣.♣.♣♣###
#.## #.###♣♣♣♣♣
♣♣♣♣♣♣.♣....####.# #.#
♣♣♣♣........# #.#
♣♣######.# #.# #.# #.#
#(# ##.### #.# #....#
#####.#


There were no monsters in sight!

Vanquished Creatures
  A dart slug (D:1)
  A ball python (D:1)
  A giant cockroach (D:1)
  3 goblins (D:1)
  2 jackals (D:1)
  A quokka (D:1)
  A frilled lizard (D:1)
  2 kobolds (D:1)
  A rat (D:1)
13 creatures vanquished.

Notes
Turn   | Place    | Note
-------+----------+-------------------------------------------
     0 | D:1      | protoss039 the Demonspawn Earth Elementalist began the
                  | quest for the Orb.
     0 | D:1      | Reached XP level 1. HP: 13/13 MP: 3/3
   255 | D:1      | Found a faded altar of an unknown god.
   546 | D:1      | Gained mutation: You have a small tail. [demonic ancestry]
   546 | D:1      | Reached XP level 2. HP: 20/20 MP: 5/5
   567 | D:1      | Reached skill level 1 in Fighting
   777 | D:1      | Reached skill level 3 in Earth Magic
  1110 | D:$      | Got out of the dungeon alive.

Illustrated notes

Levels and vault maps discovered:
D:1:      roderic_dead_forest, layout_loops_ring, ebering_ecumenical_altar_box

Skill      XL: |  1  2 |
---------------+-------+-----
Fighting       | 1 |  1.1
Earth Magic    | 3 |  3.0
Dodging        | |  1.7
Stealth        | |  1.7
Spellcasting   | |  2.3
Transmutations | |  0.8

Action                   || total
-------------------------++-------
Melee: Dagger            ||    30
 Cast: Sandblast         ||     5
 Stab: Sleeping          ||     1
Armor: Ring mail         ||     6
Dodge: Dodged            ||    12
